 Dungeon Crawl Stone Soup version 0.29-a0-563-g64e4043184 (webtiles) character file.

Game seed: 1007736560140533880

42 Anon1729 the Chopper (level 3, 0/33 HPs)
             Began as a Minotaur Monk on June 12, 2022.
             Was a Priest of the Shining One.
             Slain by a yak (3 damage)
             ... on level 6 of the Dungeon.
             The game lasted 00:01:15 (1892 turns).

Anon1729 the Chopper (Minotaur Monk)                Turns: 1892, Time: 00:01:16

Health: 0/33       AC:  5    Str: 17    XL:     3   Next: 35%
Magic:  2/2        EV: 12    Int:  7    God:    the Shining One [***...]
Gold:   110        SH:  0    Dex: 12    Spells: 2/2 levels left

rFire   . . .      SeeInvis .   a - +0 hand axe
rCold   . . .      Faith    .   (no shield)
rNeg    + . .      Spirit   .   b - +0 robe
rPois   .          Reflect  .   (helmet restricted)
rElec   .          Harm     .   (no cloak)
rCorr   .          Rampage  .   i - +2 pair of gloves
Will    .....                   (no boots)
Stlth   +.........              (no amulet)
HPRegen 0.11/turn               (no ring)
MPRegen 0.08/turn               (no ring)

@: glowing
A: horns 2, retaliatory headbutt
a: Renounce Religion, Divine Shield, Cleansing Flame


You were on level 6 of the Dungeon.
You worshipped the Shining One.
The Shining One was most pleased with you.
You visited 1 branch of the dungeon, and saw 5 of its levels.

You collected 110 gold pieces.

Inventory:

Hand Weapons
 a - a +0 hand axe (weapon)
Armour
 b - a +0 robe (worn)
 i - a +2 pair of gloves (worn)
Scrolls
 e - 2 scrolls of identify {unknown}
 g - 2 scrolls of teleportation {unknown}
 h - a scroll of fog {unknown}
 l - a scroll of magic mapping {unknown}
 m - a scroll of enchant weapon {unknown}
Potions
 c - a potion of ambrosia
 d - 2 potions of curing {unknown}
 f - a potion of mutation {unknown}
 j - a potion of invisibility {unknown}
 k - a potion of brilliance {unknown}
 n - a potion of degeneration {unknown}


   Skills:
 + Level 4.1 Fighting
 * Level 4.6 Axes
 + Level 1.6 Armour
 - Level 3.2 Dodging
 - Level 1.5 Stealth


You had 2 spell levels left.
You didn't know any spells.
Your spell library was empty.

Dungeon Overview and Level Annotations

Branches:
Dungeon (6/15)
 Temple: D:4-7

Altars:
Cheibriados
Makhleb
Okawaru
Uskayaw
Vehumet
The Shining One


Innate Abilities, Weirdness & Mutations

You have a pair of horns on your head.
You reflexively headbutt those who attack you in melee.


Message History

A yak comes into view.
The yak bellows! x2
The yak gores you!
You hit the yak but do no damage. x2; The yak closely misses you.
The yak completely misses you. You furiously retaliate!
You headbutt the yak. The yak attacks as you move away!
The yak barely misses you. You furiously retaliate!
You headbutt the yak, but do no damage.
You see here a +0 leather armour.
The yak attacks as you move away! The yak closely misses you.
There is a stone staircase leading down here.
The yak misses you.
You climb downwards.
There is a stone staircase leading up here.
You hit the yak but do no damage. You headbutt the yak.
The yak is lightly wounded.
The yak gores you.
You are too injured to fight recklessly!
You are too injured to fight recklessly!
You are too injured to fight recklessly!
You are too injured to fight recklessly!
You are too injured to fight recklessly!
You are too injured to fight recklessly!
You are too injured to fight recklessly!
You are too injured to fight recklessly!
You are too injured to fight recklessly!
You are too injured to fight recklessly!
You are too injured to fight recklessly!
You are too injured to fight recklessly!
You are too injured to fight recklessly!
You hit the yak. You headbutt the yak.
The yak is moderately wounded.
The yak gores you but does no damage.
You slash the yak! You headbutt the yak, but do no damage.
The yak is heavily wounded.
The yak gores you!
* * * LOW HITPOINT WARNING * * *
You hit the yak. You headbutt the yak.
The yak is heavily wounded.
The yak gores you.
You die... ##### #@YW# ###.# #

You could see a yak and a phantom.

Vanquished Creatures
  An adder (D:3)
  A dart slug (D:1)
  A ball python (D:2)
  4 bats
  An endoplasm (D:1)
  A giant cockroach (D:1)
  3 goblins
  4 hobgoblins (D:1)
  3 kobolds (D:1)
  2 quokkas
  3 frilled lizards
  7 rats
31 creatures vanquished.

Notes
Turn   | Place    | Note
-------+----------+-------------------------------------------
     0 | D:1      | Anon1729 the Minotaur Monk began the quest for the Orb.
     0 | D:1      | Reached XP level 1. HP: 19/19 MP: 0/0
   468 | D:1      | Reached XP level 2. HP: 27/27 MP: 1/1
   487 | D:1      | Found a faded altar of an unknown god.
   503 | D:1      | Prayed at the altar of an unknown god.
   503 | D:1      | Became a worshipper of the Shining One
   503 | D:1      | Reached * piety under the Shining One
   503 | D:1      | Reached ** piety under the Shining One
   527 | D:1      | Reached skill level 1 in Armour
   748 | D:1      | Reached *** piety under the Shining One
  1380 | D:2      | Reached XP level 3. HP: 33/33 MP: 2/2
  1604 | D:3      | Found a hide-covered altar of Uskayaw.
  1605 | D:3      | Found a snail-covered altar of Cheibriados.
  1857 | D:3      | You fall into a shaft and drop 2 floors!
  1857 | D:5      | Entered Level 5 of the Dungeon
  1857 | D:5      | Found a radiant altar of Vehumet.
  1857 | D:5      | Found an iron altar of Okawaru.
  1857 | D:5      | Found a burning altar of Makhleb.
  1874 | D:5      | Noticed a yak
  1874 | D:5      | Noticed a yak
  1875 | D:5      | Noticed a yak
  1876 | D:5      | Noticed a yak
  1876 | D:5      | Noticed a yak
  1877 | D:5      | Noticed a yak
  1888 | D:6      | Noticed a phantom
  1892 | D:6      | Slain by a yak

Illustrated notes

Levels and vault maps discovered:
D:1:      matt_arrival_spirals, layout_loops_ring,
          ebering_ecumenical_altar_abandoned, minmay_parallelograms
D:2:      layout_basic, basic_altar, minmay_liquid_box, grunt_decor_junction,
          hangedman_glass_teeth
D:3:      layout_basic, mainiacjoe_overflow_divided_tiny, minmay_snake_closets
D:5:      layout_rooms, mainiacjoe_overflow_paths,
          gammafunk_temple_overflow_claw, minivault_4, minivault_25
D:6:      layout_basic, uniq_maggie

Skill      XL: |  1  2 |
---------------+-------+-----
Axes           | 4 |  4.6
Armour         | 1 |  1.6
Fighting       | 4 |  4.1
Dodging        | |  3.2
Stealth        | |  1.5

Action                   || total
-------------------------++-------
Melee: Hand axe          ||    59
       Headbutt          ||    14
Armor: Robe              ||    11
Dodge: Dodged            ||    46

Table legend: (Time is in decaauts)
 A = Elapsed time spent in this place.
 B = Non-inter-level travel time spent in this place.
 C = Inter-level travel time spent in this place.
 D = Time resting spent in this place.
 E = Time spent auto-exploring this place.
 F = Levels seen in this place.
 G = Mean time per level.
                   A        B        C        D        E       F      G
               +--------+--------+--------+--------+--------+-----+--------+
         Total |   1896 |   1838 |     58 |    293 |   1319 |   5 |  379.2 |
       Dungeon |   1896 |   1838 |     58 |    293 |   1319 |   5 |  379.2 |
               +--------+--------+--------+--------+--------+-----+--------+

Top non-repeatable levels by time:
     D:1: 1213 daAuts
     D:2: 348 daAuts
     D:3: 300 daAuts
     D:5: 30 daAuts
     D:6: 4 daAuts
